 Dungeon Crawl Stone Soup version 0.30-a0-972-gf3ab3527aa (webtiles) character file.

Game seed: 2657847123458728844

518 DeathPants the Cudgeller (level 7, -2/37 HPs)
             Began as a Vine Stalker Monk on Mar 31, 2023.
             Was an Initiate of Gozag.
             Slain by a hornet (9 damage)
             ... while paralysed by a hornet
             ... on level 5 of the Dungeon.
             The game lasted 00:10:51 (3117 turns).

DeathPants the Cudgeller (Vine Stalker Monk)        Turns: 3117, Time: 00:10:51

Health: -2/37      AC:  4    Str: 15    XL:     7   Next: 21%
Magic:  0/12       EV:  2    Int: 16    God:    Gozag
Gold:   356        SH:  0    Dex: 17    Spells: 5/12 levels left

rFire   . . .      SeeInvis .    a - +1 whip (distort)
rCold   . . .      Faith    .    (no shield)
rNeg    . . .      Spirit   +    l - +0 leather armour
rPois   .          Reflect  .    h - +0 helmet
rElec   .          Rampage  .    (no cloak)
rCorr   .                        (no gloves)
Will    .....                    (no boots)
Stlth   ++                       (no amulet)
HPRegen 1.06/turn                p - +5 ring of evasion
MPRegen 0.13/turn                y - +6 ring of intelligence

@: paralysed, hasted
A: fangs 2, regeneration 1, magic shield, antimagic bite, no potion heal 2
a: Renounce Religion, Potion Petition, Call Merchant, Bribe Branch


You were on level 5 of the Dungeon.
You worshipped Gozag.
Gozag was aware of your devotion.
You visited 2 branches of the dungeon, and saw 6 of its levels.

You collected 356 gold pieces.

Inventory:

Hand Weapons
 a - a +1 whip of distortion (weapon)
Missiles
 k - 3 poisoned darts (quivered)
 w - 2 atropa-tipped darts
Armour
 b - a +0 buckler
 h - a +0 helmet (worn)
 l - a +0 leather armour (worn)
Magical Staves
 n - a staff of death
Jewellery
 p - a +5 ring of evasion (left hand)
 y - a +6 ring of intelligence (right hand)
Scrolls
 d - a scroll of vulnerability {unknown}
 e - a scroll of immolation {unknown}
 i - 2 scrolls of summoning
 o - a scroll of teleportation {unknown}
 q - a scroll of poison {unknown}
 r - a scroll of fear {unknown}
 s - a scroll of blinking {unknown}
 v - a scroll of amnesia {unknown}
 x - a scroll of enchant weapon {unknown}
Potions
 c - 4 potions of ambrosia
 g - a potion of cancellation
 j - a potion of flight
 m - a potion of curing
 t - a potion of berserk rage {unknown}
 u - a potion of mutation
 z - a potion of attraction {unknown}


   Skills:
 + Level 4.2 Fighting
 - Level 2.8 Long Blades
 * Level 4.3 Maces & Flails
 - Level 2.4 Dodging
 - Level 2.4 Stealth
 + Level 3.3 Spellcasting
 + Level 1.2 Necromancy


You had 5 spell levels left.
You knew the following spells:

 Your Spells              Type           Power      Damage    Failure   Level
a - Vampiric Draining     Necr           6%         2d6       36%         3
b - Dispel Undead         Necr           6%         3d8       78%         4

Your spell library contained the following spells:

 Spells                   Type           Power      Damage    Failure   Level
 Magic Dart               Conj           8%         1d3       22%         1
 Slow                     Hex            8%         N/A       22%         1
 Cigotuvi's Dreadful Rot  Necr/Pois/Air  8%         N/A       28%         2
 Call Imp                 Summ           2%         N/A       34%         2
 Confusing Touch          Hex            2%         N/A       56%         3
 Mephitic Cloud           Conj/Pois/Air  2%         N/A       56%         3
 Blade Hands              Tmut           1%         N/A       99%         5
 Irradiate                Conj/Tmut      1%         3d12      99%         5
 Death Channel            Necr           3%         N/A       100%        6
 Dragon Form              Tmut           1%         N/A       100%        7


Dungeon Overview and Level Annotations

Branches:
Dungeon (5/15)             Temple (1/1) D:4

Altars:
Cheibriados
Gozag
Kikubaaqudgha
Makhleb
Nemelex Xobeh
Okawaru
Sif Muna
Uskayaw
The Shining One

Annotations:
D:3 1 runed translucent door, ThatPearl's ghost, amateur DsVM


Innate Abilities, Weirdness & Mutations

You have extremely sharp teeth.
Your natural rate of healing is unusually fast.
When hurt, damage is shared between your health and your magic reserves.
Your bite disrupts and absorbs the magic of your enemies.
Potions cannot restore your health.


Message History

An ogre comes into view. It is wielding a +0 giant spiked club.
The ogre shouts!
You hear an angry buzzing noise.
A hornet and a scorpion come into view.
The hornet moves out of view.
Found a dented lapis lazuli amulet.
Found a glowing golden altar of the Shining One.
The hornet completely misses you.
The ogre hits you with a +0 giant spiked club!
The hornet barely misses you. The hornet attacks as you move away!
The hornet stings you.
You suddenly lose the ability to move!
The hornet stings you!
You feel yourself slow down.
You feel yourself speed up. The hornet stings you!
* * * LOW HITPOINT WARNING * * *
You are poisoned.
You shrug off the repeated paralysis!
You can move again.
You feel very sick. The hornet completely misses you.
The ogre attacks as you move away! The ogre closely misses you.
You feel very sick.
Your system rejects the healing.
You feel better.
The hornet stings you but does no damage.
The hornet completely misses you.
Throw: 3 darts (poison)
Press: ? - help, Q - select action, (/) - cycle Shift-Dir - straight line, f - hornet
Aim: a hornet (48% to hit)
Okay, then.
You feel yourself speed up. The hornet completely misses you.
You barely miss the hornet. Your punch misses the hornet. You bite the hornet.
You drain its power.
You feel invigorated.
The hornet is lightly wounded.
The hornet stings you.
* * * LOW HITPOINT WARNING * * *
You suddenly lose the ability to move!
The hornet stings you but does no damage.
The hornet stings you!
You die...
Your body crumbles into a pile of gold.

#. ### # #.######.## .#
..........########.#
#............##....#
#.##..............
##.............#.###.#
.....................#
##.##.#........#.###.#
##.##.#........#@# #
##.##.#........#y###.###
##.##.#.#......#Os......
##.##.#.#.######..#..##.
........#.# #..# .#
##.##...#.# #.....#
#.##...# #........
#.###..# #....._..
#......# #........


You could see a hornet, an ogre and a scorpion.

Vanquished Creatures
  A scorpion (D:4)
  A jelly (D:3)
  6 hounds
  An iguana (D:5)
  4 adders
  A dart slug (D:4)
  11 orcs
  8 ball pythons
  3 endoplasms
  7 giant cockroaches
  8 goblins
  13 hobgoblins
  5 kobolds
  3 quokkas
  7 bats
  3 frilled lizards (D:3)
  3 rats
85 creatures vanquished.

Notes
Turn   | Place    | Note
-------+----------+-------------------------------------------
     0 | D:1      | DeathPants the Vine Stalker Monk began the quest for the
                  | Orb.
     0 | D:1      | Reached XP level 1. HP: 11/11 MP: 2/2
   259 | D:1      | Reached XP level 2. HP: 16/16 MP: 3/3
   718 | D:3      | Reached skill level 1 in Maces & Flails
   849 | D:2      | Reached skill level 1 in Spellcasting
   868 | D:2      | Reached XP level 3. HP: 20/20 MP: 5/5
   877 | D:2      | Found a faded altar of an unknown god.
  1789 | D:4      | Gained mutation: Your natural rate of healing is unusually
                  | fast. [Vine Stalker growth]
  1789 | D:4      | Reached XP level 4. HP: 24/24 MP: 4/7
  1962 | D:3      | Found a runed translucent door.
  2037 | D:3      | Reached XP level 5. HP: 23/28 MP: 4/9
  2194 | D:3      | Noticed ThatPearl's ghost (amateur DsVM)
  2368 | D:4      | Reached XP level 6. HP: 29/33 MP: 8/10
  2463 | D:5      | Entered Level 5 of the Dungeon
  2477 | D:4      | Found a staircase to the Ecumenical Temple.
  2512 | Temple   | Entered the Ecumenical Temple
  2520 | Temple   | Became a worshipper of Gozag Ym Sagoz the Greedy
  2714 | D:4      | Learned a level 3 spell: Vampiric Draining
  2719 | D:4      | Learned a level 4 spell: Dispel Undead
  2859 | D:5      | Found a hide-covered altar of Uskayaw.
  2960 | D:5      | Reached skill level 1 in Necromancy
  2960 | D:5      | Reached XP level 7. HP: 37/37 MP: 10/12
  3106 | D:5      | Noticed a hornet
  3107 | D:5      | Found a glowing golden altar of the Shining One.
  3110 | D:5      | Paralysed by a hornet for 2 turns
  3116 | D:5      | Paralysed by a hornet for 3 turns
  3117 | D:5      | Slain by a hornet

Illustrated notes

Levels and vault maps discovered:
D:1:      dpeg_arrival_long_road, layout_basic
D:2:      layout_loops_corners, hellmonk_ecumenical_altar_prayer_group
D:3:      minmay_chambers_of_threes, layout_rooms,
          ebering_ghost_reflecting_pool, minmay_misc_feat_five
D:4:      cheibrodos_helix_gallery, layout_rooms, minmay_temple_entry_ruins
D:5:      corexii_shack_village, layout_loops_ring,
          eat_drink_and_be_merry_uskayaw, hangedman_feature_mirror
Temple:   eino_temple_lava

Skill      XL: |  1  2  3  4  5  6 |
---------------+-------------------+-----
Maces & Flails | 1 2 3 4 |  4.3
Fighting       | 3 4 |  4.2
Spellcasting   | 1 2 3 |  3.3
Necromancy     | 1 |  1.2
Long Blades    | |  2.8
Dodging        | |  2.4
Stealth        | |  2.4

Action                     |  1- 3 |  4- 6 |  7- 9 || total
---------------------------+-------+-------+-------++-------
  Melee: Falchion          |     8 |       |       ||     8
         Whip              |    60 |   108 |    17 ||   185
         Bite              |     9 |    24 |     8 ||    41
         Punch             |       |     2 |       ||     2
    Use: Scroll            |     3 |     5 |       ||     8
         Potion            |       |       |     2 ||     2
   Stab: Sleeping          |     5 |     2 |     2 ||     9
 Armour: Robe              |     1 |       |       ||     1
         Leather armour    |    17 |    26 |     4 ||    47
         Ring mail         |     2 |       |       ||     2
  Dodge: Dodged            |    41 |    55 |    13 ||   109

Table legend: (Time is in decaauts)
 A = Elapsed time spent in this place.
 B = Non-inter-level travel time spent in this place.
 C = Inter-level travel time spent in this place.
 D = Time resting spent in this place.
 E = Time spent auto-exploring this place.
 F = Levels seen in this place.
 G = Mean time per level.
                   A        B        C        D        E       F      G
               +--------+--------+--------+--------+--------+-----+--------+
         Total |   3116 |   3071 |     45 |    150 |   1834 |   6 |  519.3 |
       Dungeon |   3099 |   3054 |     45 |    150 |   1834 |   5 |  619.8 |
        Temple |     16 |     16 |      0 |      0 |      0 |   1 |   16.0 |
               +--------+--------+--------+--------+--------+-----+--------+

Top non-repeatable levels by time:
     D:2: 920 daAuts
     D:3: 702 daAuts
     D:1: 624 daAuts
     D:4: 555 daAuts
     D:5: 296 daAuts
  Temple: 16 daAuts
